 Dungeon Crawl Stone Soup version 0.23.1 (webtiles) character file.

Game seed: 14159619192400576743

95 twiddyho the Firebug (level 4, 0/30 HPs)
             Began as a Demonspawn Fire Elementalist on Mar 5, 2019.
             Slain by Purgy (5 damage)
             ... in a sewer.
             The game lasted 00:23:44 (3766 turns).

twiddyho the Firebug (Demonspawn Fire Elementalist) Turns: 3766, Time: 00:23:44

Health: 0/30       AC:  2    Str:  9    XL:     4   Next: 39%
Magic:  2/8        EV: 12    Int: 17    God:
Gold:   164        SH:  0    Dex: 13    Spells: 4/9 levels left

rFire    . . .     SeeInvis .   n - +0 dagger
rCold    . . .     Gourm    .   (no shield)
rNeg     . . .     Faith    .   a - +0 robe
rPois    .         Spirit   .   (helmet restricted)
rElec    .         Reflect  .   (no cloak)
rCorr    .         Harm     .   (no gloves)
MR       .....                  (no boots)
Stlth    +++.......             (no amulet)
HPRegen  0.10/turn              m - ring of stealth
MPRegen  0.11/turn              p - +1 ring of slaying

@: no status effects
A: antennae 1, demonic guardian 1
a: no special abilities


You were in a sewer.
You were hungry.

You visited 1 branch of the dungeon, and saw 3 of its levels.
You also visited: Sewer.

You collected 164 gold pieces.

Inventory:

Hand Weapons
 d - a +0 club
 n - a +0 dagger (weapon)
 o - a +0 hunting sling
Missiles
 l - 4 javelins (quivered)
Armour
 a - a +0 robe (worn)
Jewellery
 m - a ring of stealth (left hand)
 p - a +1 ring of slaying (right hand)
Scrolls
 f - 3 scrolls of amnesia {unknown}
 g - a scroll of blinking {unknown}
 h - a scroll of enchant armour {unknown}
 i - 2 scrolls of noise {unknown}
 j - 3 scrolls of remove curse {unknown}
 k - a scroll of random uselessness {unknown}
 q - 2 scrolls of teleportation {unknown}
 t - a scroll of identify {unknown}
Potions
 b - 3 potions of invisibility
 e - 2 potions of heal wounds {unknown}
 r - a potion of degeneration {unknown}
 s - a potion of flight {unknown}
Comestibles
 c - 5 rations


   Skills:
 - Level 1.7 Dodging
 - Level 1.7 Stealth
 + Level 3.3 Spellcasting
 - Level 1.0 Conjurations
 + Level 3.9 Fire Magic


You had 4 spell levels left.
You knew the following spells:

 Your Spells              Type           Power        Failure   Level  Hunger
a - Flame Tongue          Conj/Fire      ##...        6%          1    None
b - Sticky Flame          Conj/Fire      ##......     52%         4    ####...

Your spell library contained the following spells:

 Spells                   Type           Power        Failure   Level  Hunger
 Throw Flame              Conj/Fire      ##....       10%         2    ##.....
 Conjure Flame            Conj/Fire      ##......     19%         3    ###....
 Inner Flame              Hex/Fire       #.......     22%         3    ###....
 Ice Form                 Ice/Tmut       #.......     86%         4    ####...
 Fireball                 Conj/Fire      ##........   86%         5    ######.
 Metabolic Englaciation   Hex/Ice        #.........   99%         5    ######.
 Bolt of Cold             Conj/Ice       #.........   100%        6    #######
 Freezing Cloud           Conj/Ice/Air   #.........   100%        6    #######
 Ozocubu's Refrigeration  Ice            #.........   100%        6    #######
 Simulacrum               Ice/Necr       #.........   100%        6    #######


Dungeon Overview and Level Annotations

Branches:
Dungeon (3/15)

Altars:

Annotations:
Sewer Purgy


Innate Abilities, Weirdness & Mutations

You have a pair of small antennae on your head.
A weak demonic guardian rushes to your aid.


Message History

Aiming: Flame Tongue (safe; 6% risk of failure)
Press: ? - help, Shift-Dir - straight line, f/p - Purgy
Aim: Purgy (severely wounded)
The flame tongue hits Purgy.
Purgy is severely wounded.
Your quasit closely misses Purgy.
Your quasit misses Purgy. x2
Purgy bites you!
* * * LOW HITPOINT WARNING * * *
Purgy misses you. Purgy closely misses you.
Your quasit barely misses Purgy.
Your quasit claws Purgy but does no damage.
Your quasit claws Purgy.
Casting: Flame Tongue (safe; 6% risk of failure)
Confirm with . or Enter, or press ? or * to list all spells.
Aiming: Flame Tongue (safe; 6% risk of failure)
Press: ? - help, Shift-Dir - straight line, f/p - Purgy
Aim: Purgy (severely wounded)
The flame tongue hits Purgy.
Purgy is severely wounded.
Purgy bites you.
You die...

###############
#.##.##.##∩##.#
#)##.##.##.##.#
#'##'##'##.##T##+##+#
#####...........@5......######
≈≈≈≈#≈≈≈≈≈≈≈≈≈.≈≈5≈≈≈≈≈≈#≈≈≈≈≈
≈≈≈≈#≈≈≈≈≈≈≈≈≈∩≈≈≈≈≈≈≈≈≈#≈≈≈≈≈
≈≈≈≈#≈≈≈≈≈≈≈≈≈.≈≈≈≈≈≈≈≈≈#≈≈≈≈≈
#####...................#
#'##'##'##'##'##'##'#
#)##.##.##.##(##.##.#
#.##.##.##.##.##.##.#
#####################


You could see Purgy and 2 friendly quasits.

Vanquished Creatures
  3 adders
  An ooze (D:1)
  2 worms (D:2)
  4 dart slugs
  A leopard gecko (D:2)
  4 giant cockroaches
  5 hobgoblins
  10 kobolds
  11 bats
  3 frilled lizards (D:1)
  3 goblins (D:2)
  4 rats
51 creatures vanquished.

Notes
Turn   | Place    | Note
-------+----------+-------------------------------------------
     0 | D:1      | twiddyho the Demonspawn Fire Elementalist began the quest
                  | for the Orb.
     0 | D:1      | Reached XP level 1. HP: 13/13 MP: 3/3
   366 | D:1      | Gained mutation: You have a pair of small antennae on your
                  | head. [demonic ancestry]
   366 | D:1      | Reached XP level 2. HP: 12/19 MP: 5/5
  1755 | D:1      | Gained mutation: A weak demonic guardian rushes to your
                  | aid. [demonic ancestry]
  1755 | D:1      | Reached XP level 3. HP: 24/24 MP: 6/6
  3012 | D:2      | Reached XP level 4. HP: 30/30 MP: 8/8
  3637 | D:3      | Found a glowing drain.
  3646 | Sewer    | Entered a sewer
  3701 | Sewer    | Learned a level 4 spell: Sticky Flame
  3757 | Sewer    | Noticed Purgy
  3766 | Sewer    | Slain by Purgy

Skill      XL: |  1  2  3 |
---------------+----------+-----
Fire Magic     | 3 |  3.9
Spellcasting   | 3 |  3.3
Dodging        | |  1.7
Stealth        | |  1.7
Conjurations   | |  1.0

Action                   |  1- 3 |  4- 6 || total
-------------------------+-------+-------++-------
Melee: Unarmed           |    16 |       ||    16
       Club              |    84 |       ||    84
       Dagger            |    45 |    17 ||    62
 Cast: Flame Tongue      |    48 |    14 ||    62
  Use: Potion            |     1 |       ||     1
 Stab: Sleeping          |     6 |     6 ||    12
  Eat: Chunk             |     3 |     2 ||     5
       Ration            |     1 |       ||     1
Armor: Robe              |    64 |     1 ||    65
Dodge: Dodged            |   136 |    30 ||   166
